 Dungeon Crawl Stone Soup version 0.31.0-2-g5a2aebc5c2 (webtiles) character file.

Game seed: 8099371382118547046

70207 BigPumpCobain the Brawler (level 14, -11/129 HPs)
             Began as a White Draconian Shapeshifter on Jan 20, 2024.
             Was an Initiate of Gozag.
             Mangled by a salamander
             ... wielding a +0 trident
              (12 damage)
             ... on level 1 of the Snake Pit.
             The game lasted 00:35:04 (18109 turns).

BigPumpCobain the Brawler (DrSh)                   Turns: 18109, Time: 00:35:05

Health: -11/129    AC: 18    Str: 22    XL:     14   Next: 93%
Magic:  14/14      EV: 16    Int: 11    God:    Gozag
Gold:   1306       SH:  0    Dex: 12    Spells: 13/13 levels left

rFire   . .          .
                       - Unarmed
rCold   + . .        (shield currently unavailable)
rNeg    . . .        (body armour unavailable)
rPois   .            x - +2 hat
rElec   .            a - +2 cloak {rPois}
rCorr   .            (gloves currently unavailable)
SInv    .            m - +0 pair of boots "Vakk" {rPois Str+2}
Will    +....        y - amulet of regeneration
Stlth   +            d - +4 ring of slaying
HPRegen 1.21/turn    F - +4 ring of protection
MPRegen 0.14/turn

%: no passive effects
@: confused, lethally poisoned (-11 -> -43), blade hands, ambrosia-drunk, poison
vulnerable, gold aura
A: breathe frost, AC +8, unfitting armour, cold resistance 1, cold-blooded
a: Breathe Frost, Begin Untransformation, Renounce Religion, Potion Petition,
Call Merchant, Bribe Branch


You were on level 1 of the Snake Pit.
You worshipped Gozag.
Gozag was most pleased with you.
You had blades for hands.
You visited 5 branches of the dungeon, and saw 21 of its levels.
You also visited: Ice Cave.

You collected 5609 gold pieces.
You spent 1554 gold pieces at shops.
You paid 2749 gold pieces to Gozag.

Inventory:

Hand Weapons
 q - the +10 dagger "Xomnao" {speed, rN+ Str+2}
   (You found it on level 9 of the Dungeon)

   Str+2:     It affects your strength (+2).
   rN+:       It protects you from negative energy.
 I - the +7 whip of Demonkind {heavy, rPois}
   (You found it on level 7 of the Dungeon)

   rPois:     It protects you from poison
Missiles
 g - a throwing net
 u - 2 silver javelins
 D - 35 poisoned darts
 J - a javelin (quivered)
 M - 9 boomerangs
Armour
 a - a +2 cloak of poison resistance (worn)
 m - the +0 pair of boots "Vakk" (worn) {rPois Str+2}
   (You bought it in a shop on level 1 of the Orcish Mines)

   Str+2:     It affects your strength (+2).
   rPois:     It protects you from poison
 x - a +2 hat (worn)
Jewellery
 d - a +4 ring of slaying (left blade hand)
 e - an amulet of magic regeneration
 h - a ring of wizardry
 s - an amulet of guardian spirit
 y - an amulet of regeneration (around neck)
 F - a +4 ring of protection (right blade hand)
 R - a ring of see invisible
Talismans
 b - a beast talisman
 c - a flux talisman
 v - a serpent talisman
 B - a blade talisman (active)
Wands
 t - a wand of roots (23)
 E - a wand of flame (51)
 L - a wand of polymorph (5)
 P - a wand of digging (20)
 U - a wand of mindburst (7)
 V - a wand of paralysis (7)
Scrolls
 f - 3 scrolls of teleportation
 i - 4 scrolls of identify
 j - 4 scrolls of poison
 r - 3 scrolls of fog
 w - 2 scrolls of amnesia
 z - 5 scrolls of silence
 G - 2 scrolls of enchant weapon
 H - 3 scrolls of noise
 S - 3 scrolls of immolation
 W - a scroll of revelation {unknown}
Potions
 k - a potion of ambrosia
 l - 7 potions of curing
 n - 2 potions of magic
 o - a potion of berserk rage {unknown}
 p - a potion of enlightenment
 A - 4 potions of attraction {unknown}
 C - 5 potions of degeneration {unknown}
 K - 5 potions of cancellation {unknown}
 N - a potion of brilliance {unknown}
 O - 3 potions of heal wounds {unknown}
 Q - 6 potions of mutation {unknown}
 T - a potion of invisibility {unknown}


   Skills:
 + Level 13.4 Fighting
 - Level 3.0 Throwing
 + Level 10.4 Dodging
 * Level 17.3 Unarmed Combat
 + Level 11.7 Shapeshifting


You had 13 spell levels left.
You didn't know any spells.
Your spell library contained the following spells:

 Spells                   Type           Power      Damage    Failure   Level
 Apportation              Tloc           0%         N/A       34%         1
 Freeze                   Ice            0%         1d3       34%         1
 Cigotuvi's Dreadful Rot  Necr/Alch/Air  0%         N/A       47%         2
 Jinxbite                 Hex            0%         N/A       47%         2
 Dazzling Flash           Conj/Hex       0%         N/A       71%         3
 Frozen Ramparts          Ice            0%         1d1       71%         3
 Hailstorm                Conj/Ice       0%         3d5       71%         3
 Inner Flame              Hex/Fire       0%         N/A       71%         3
 Mephitic Cloud           Conj/Alch/Air  0%         N/A       71%         3
 Flame Wave               Conj/Fire      0%         2d4       98%         4
 Ignite Poison            Fire/Alch      0%         N/A       98%         4
 Martyr's Knell           Necr/Summ      0%         N/A       98%         4
 Sticky Flame             Fire/Alch      0%         2d4       98%         4
 Summon Lightning Spire   Summ/Air       0%         N/A       98%         4
 Alistair's Intoxication  Alch           0%         N/A       100%        5
 Curse of Agony           Necr           0%         N/A       100%        5
 Freezing Cloud           Conj/Ice/Air   0%         6-21      100%        5
 Lee's Rapid Deconstruct  Erth           0%         3d4*      100%        5
 Silence                  Hex/Air        0%         N/A       100%        5
 Malign Gateway           Summ/Tloc      0%         N/A       100%        7
 Shatter                  Erth           0%         3d5*      100%        9
 Animate Armour           Summ/Erth      Unusable   N/A       N/A         4

Dungeon Overview and Level Annotations

Branches:
Dungeon (13/15)            Temple (1/1) D:5            Lair (4/5) D:9
 Shoals (0/4) Lair:2        Snake (1/4) Lair:2          Orc (2/2) D:12
    Elf (0/3) Orc:2        Vaults (0/5) D:13          IceCv (visited)
  Slime: Lair:4-5

Altars:
Ashenzari
Cheibriados
Dithmenos
Elyvilon
Fedhas
Gozag
Hepliaklqana
Kikubaaqudgha
Makhleb
Nemelex Xobeh
Okawaru
Qazlal
Ru
Sif Muna
Trog
Uskayaw
Vehumet
Wu Jian
Xom
Zin
The Shining One

Shops:
D:6 =([(   D:8 ?   Orc:1 [   Orc:2 =(!!*[(   Snake:1 [[*

Annotations:
Lair:4 exclusion: oklob plant
Orc:2 1 runed translucent door, freelancePsychic's ghost, journeyman DjAl


Innate Abilities, Weirdness & Mutations

You have blades for hands.
You are incapable of wielding weapons or throwing items.
You can breathe waves of freezing cold which knock back foes.
Your icy white scales are hard. (AC +8)
You cannot fit into any form of body armour.
Your flesh is cold resistant. (rC+)
You are cold-blooded and may be slowed by cold attacks.


Message History

The naga mage misses you.
The salamander hits you from afar with a +0 trident!
You are engulfed in flames!
* * * LOW HITPOINT WARNING * * *
The naga warrior closely misses you. The naga warrior grabs you.
The naga warrior constricts you.
* * * LOW HITPOINT WARNING * * *
The naga ritualist prays to its god.
The naga ritualist begins to radiate toxic energy.
* * * LOW HITPOINT WARNING * * *
You are more poisoned.
You are confused.
You feel invigorated.
You feel very sick.
* * * LOW HITPOINT WARNING * * *
You are more poisoned.
* * * LOW HITPOINT WARNING * * *
You are more poisoned.
The naga mage barely misses you. The naga mage spits poison at you.
The splash of poison hits you but does no damage.
You are more poisoned.
The salamander hits you from afar with a +0 trident.
* * * LOW HITPOINT WARNING * * *
You are engulfed in flames!
* * * LOW HITPOINT WARNING * * *
The naga warrior barely misses you. The naga warrior constricts you.
The naga mage casts a spell at the naga ritualist.
The naga ritualist's venom grows more potent.
You escape the naga warrior's grasp.
* * * LOW HITPOINT WARNING * * *
You feel extremely sick.
* * * LOW HITPOINT WARNING * * *
You are more poisoned.
The salamander attacks as it pursues you!
The salamander hits you from afar with a +0 trident.
* * * LOW HITPOINT WARNING * * *
You are engulfed in flames!
You die...
Your body crumbles into a pile of gold.

### ..)...# ##≈##
......# ##≈≈≈#####
......# ##≈≈≈≈≈#...
....... #≈≈≈≈≈≈~.#
N......
#≈≈≈≈≈#.####.N.....
########~~~##....#NN..##
...)............$NN...>#
.############...@#.....#
.## #....#####.# [.##
##...$# #..## #≈≈#...#
##..## #≈≈≈≈#### ###..#
#≈≈≈≈≈≈# ..##.#####~~≈≈#
..##.......~≈#
..####.....###


You could see a naga warrior (curare, catching breath), a salamander (strong), a
naga ritualist (strong, toxic aura, curare) and 2 naga magi.

Vanquished Creatures
  Gastronok (Lair:3)
  Kirke (Lair:3)
  An orc warlord (Orc:2)
  Azrael (D:12)
  A great orb of eyes (D:12)
  3 hydras
  2 boulder beetles (D:12)
  4 centaur warriors (D:13)
  4 two-headed ogres
  A tengu warrior (D:13)
  2 shock serpents (Snake:1)
  2 naga sharpshooters (Snake:1)
  A death yak (IceCv)
  Amaemon (Lair:2)
  A skyshark (Lair:2)
  Lodul (D:11)
  2 sea snakes (Snake:1)
  2 naga ritualists (Snake:1)
  4 mana vipers (Snake:1)
  An orc knight (D:12)
  An ugly thing (D:13)
  A salamander (Snake:1)
  5 cyclopes
  5 kobold blastminers (Orc:2)
  Maurice (D:10)
  A meliai (D:13)
  3 manticores
  10 black mambas
  6 elephants (Lair:3)
  4 naga magi (Snake:1)
  11 cane toads
  2 gargoyles
  An orange demon (Lair:3)
  2 torpor snails
  9 komodo dragons
  A kobold demonologist (D:12)
  2 ice devils (D:12)
  A tengu conjurer (D:13)
  3 polar bears
  4 trolls
  A hornet (D:8)
  A wind drake (shapeshifter) (D:13)
  3 blink frogs (Lair:3)
  Grinder (D:3)
  3 dream sheep (Lair:4)
  2 shadows
  6 slime creatures
  Eustachio (D:4)
  3 wyverns
  A wraith (D:9)
  A fire bat (shapeshifter) (D:12)
  2 wargs (Orc:2)
  2 basilisks
  59 yaks
  3 fire elementals
  3 hogs (Lair:3)
  2 steam dragons
  6 vampire mosquitoes
  3 acid dragons
  12 nagas (Snake:1)
  2 hell hounds (D:13)
  18 water moccasins
  5 black bears
  2 laughing skulls
  2 ice beasts
  28 orc warriors
  6 wolves
  16 ogres
  3 centaurs
  2 kobold brigands
  16 bullfrogs
  A scorpion (D:4)
  5 killer bees (D:9)
  A howler monkey (D:7)
  2 hounds
  2 bombardier beetles (D:5)
  16 orc priests
  3 jellies
  A sleepcap (D:5)
  7 iguanas
  6 hell rats (Lair:4)
  20 orc wizards
  7 adders
  A shadow imp (D:5)
  A white imp (D:7)
  2 ufetubi (D:7)
  A dart slug (D:5)
  A ribbon worm (D:2)
  106 orcs
  4 ball pythons
  6 bats
  6 endoplasms
  A giant cockroach (D:3)
  7 hobgoblins
  11 kobolds
  4 quokkas
  10 goblins
  2 rats (D:1)
558 creatures vanquished.

Vanquished Creatures (others)
  2 humans (Lair:3)
  An orc (Orc:2)
3 creatures vanquished.

Grand Total: 561 creatures vanquished

Notes
Turn   | Place    | Note
-------+----------+-------------------------------------------
     0 | D:1      | BigPumpCobain the Draconian Shapeshifter began the quest
                  | for the Orb.
     0 | D:1      | Reached XP level 1. HP: 16/16 MP: 1/1
   253 | D:1      | Reached XP level 2. HP: 23/23 MP: 2/2
   683 | D:2      | Found a faded altar of an unknown god.
   823 | D:2      | Identified the +4 dagger of the Vaults {flame, rF+ Str+3}
   895 | D:2      | Reached XP level 3. HP: 29/29 MP: 3/3
  1250 | D:3      | Reached skill level 4 in Unarmed Combat
  1318 | D:3      | Reached XP level 4. HP: 36/36 MP: 4/4
  1362 | D:3      | Found a sacrificial altar of Ru.
  1439 | D:3      | Noticed Grinder
  1442 | D:3      | Paralysed by Grinder for 2 turns
  1452 | D:3      | Killed Grinder
  1453 | D:3      | Reached skill level 5 in Unarmed Combat
  1453 | D:3      | Reached XP level 5. HP: 45/45 MP: 5/5
  1453 | D:3      | Reached XP level 6. HP: 51/51 MP: 6/6
  1703 | D:3      | Found a white marble altar of Elyvilon.
  2009 | D:4      | Found a shimmering blue altar of Sif Muna.
  2009 | D:4      | Found a glowing silver altar of Zin.
  2023 | D:4      | Found a hide-covered altar of Uskayaw.
  2023 | D:4      | Found a stormy altar of Qazlal.
  2034 | D:4      | Found an iron altar of Okawaru.
  2591 | D:4      | Noticed Eustachio
  2596 | D:4      | Reached skill level 6 in Unarmed Combat
  2596 | D:4      | Your scales start taking on an icy white colour.
  2596 | D:4      | Reached XP level 7. HP: 59/59 MP: 7/7
  2596 | D:4      | Gained mutation: Your flesh is cold resistant. (rC+) [White
                  | Draconian growth]
  2639 | D:4      | Killed Eustachio
  3196 | D:5      | Entered Level 5 of the Dungeon
  3304 | D:5      | Found a staircase to the Ecumenical Temple.
  3331 | D:5      | Reached skill level 7 in Unarmed Combat
  3331 | D:5      | Reached skill level 5 in Shapeshifting
  3337 | Temple   | Entered the Ecumenical Temple
  3407 | D:5      | Found an ancient bone altar of Kikubaaqudgha.
  3407 | D:5      | Found a blossoming altar of Fedhas.
  3490 | D:5      | Reached skill level 5 in Fighting
  3490 | D:5      | Reached skill level 1 in Throwing
  3490 | D:5      | Reached XP level 8. HP: 68/68 MP: 8/8
  3618 | D:5      | Found a shimmering altar of Xom.
  3860 | D:5      | Found a hazy altar of Hepliaklqana.
  4084 | D:6      | Found a radiant altar of Vehumet.
  4154 | D:6      | Found Cudoelor's Weapon Boutique.
  4214 | D:6      | Found Zuppy's Antique Armour Shop.
  4218 | D:6      | Found Pupteong's Antique Weapon Shop.
  4218 | D:6      | Found Ymideant's Jewellery Boutique.
  4251 | D:6      | Reached skill level 8 in Unarmed Combat
  4790 | D:7      | Reached XP level 9. HP: 75/75 MP: 9/9
  4802 | D:7      | Found a sparkling altar of Nemelex Xobeh.
  4813 | D:7      | Found an ornate altar of the Wu Jian Council.
  4887 | D:7      | Identified the +7 whip of Demonkind {heavy, rPois}
  4888 | D:7      | Found a shadowy altar of Dithmenos.
  4947 | D:7      | Found a bloodstained altar of Trog.
  4983 | D:7      | Found a glowing golden altar of the Shining One.
  5153 | D:7      | Found a broken altar of Ashenzari.
  5316 | D:7      | Found a snail-covered altar of Cheibriados.
  5328 | D:7      | Reached skill level 9 in Unarmed Combat
  5576 | D:8      | Found a flagged portal.
  5629 | D:8      | Found Nam Nau's Magic Scroll Shoppe.
  5658 | D:8      | Paralysed by a hornet for 2 turns
  6113 | D:9      | Reached skill level 10 in Unarmed Combat
  6165 | D:9      | Reached XP level 10. HP: 57/86 MP: 10/10
  6226 | D:9      | Identified the +10 dagger "Xomnao" {speed, rN+ Str+2}
  6347 | D:9      | Found an opulent altar of Gozag.
  6454 | D:9      | Found a staircase to the Lair.
  6479 | D:9      | Became a worshipper of Gozag Ym Sagoz the Greedy
  6784 | D:10     | Entered Level 10 of the Dungeon
  6925 | D:10     | Identified the staff "Yneo" {rC++ Str+2 Dex+2 Conj}
  6951 | D:10     | Noticed a two-headed ogre
  6959 | D:10     | Killed a two-headed ogre
  7030 | D:10     | Reached skill level 11 in Unarmed Combat
  7190 | D:10     | Noticed Maurice
  7196 | D:10     | Maurice stole a ring of wizardry
  7200 | D:10     | Maurice stole the +4 dagger of the Vaults {flame, rF+
                  | Str+3}
  7204 | D:10     | Maurice stole a blade talisman
  7210 | D:10     | Killed Maurice
  7503 | D:10     | Reached skill level 5 in Dodging
  7594 | D:10     | You fall into a shaft and drop 1 floor!
  7604 | D:11     | Noticed a two-headed ogre
  7612 | D:11     | Killed a two-headed ogre
  7613 | D:11     | Reached XP level 11. HP: 95/95 MP: 11/11
  7657 | D:11     | Noticed Lodul
  8198 | Lair:1   | Entered Level 1 of the Lair of Beasts
  8448 | Lair:1   | Reached skill level 12 in Unarmed Combat
  9002 | Lair:2   | Found a staircase to the Shoals.
  9118 | Lair:2   | Noticed a skyshark
  9131 | Lair:2   | Killed a skyshark
  9395 | Lair:2   | Found a staircase to the Snake Pit.
  9975 | Lair:3   | Noticed Amaemon
 10022 | Lair:2   | Killed Amaemon
 10023 | Lair:2   | Reached skill level 13 in Unarmed Combat
 10051 | Lair:3   | Reached skill level 10 in Fighting
 10057 | Lair:3   | Got Dispater's Incunable of United Spelunking
 10084 | Lair:3   | Reached XP level 12. HP: 87/106 MP: 12/12
 10335 | Lair:3   | Noticed Gastronok
 10412 | Lair:3   | Noticed Kirke
 10424 | Lair:3   | Killed Kirke
 10528 | Lair:3   | Killed Gastronok
 10529 | Lair:3   | Reached skill level 14 in Unarmed Combat
 10914 | Lair:4   | Noticed a five-headed hydra
 10938 | Lair:4   | Killed a five-headed hydra
 11173 | Lair:4   | Reached XP level 13. HP: 112/116 MP: 13/13
 11593 | Lair:4   | Reached skill level 10 in Shapeshifting
 12508 | D:11     | Reached skill level 15 in Unarmed Combat
 12554 | D:11     | Killed Lodul
 13353 | D:12     | Found a frozen archway.
 13378 | IceCv    | Entered an ice cave
 13623 | D:12     | Found a staircase to the Orcish Mines.
 13843 | D:12     | Found a shimmering blue altar of Sif Muna.
 14192 | Orc:1    | Entered Level 1 of the Orcish Mines
 14193 | Orc:1    | Found Pugucled's Antique Armour Emporium.
 14207 | Orc:1    | Bought a pair of ichor-stained boots for 228 gold pieces
 14207 | Orc:1    | Identified the +0 pair of boots "Vakk" {rPois Str+2} (You
                  | bought it in a shop on level 1 of the Orcish Mines)
 14309 | Orc:2    | Entered Level 2 of the Orcish Mines
 14361 | Orc:2    | Found a runed translucent door.
 14361 | Orc:2    | Found a shimmering altar of Xom.
 14361 | Orc:2    | Noticed freelancePsychic's ghost (journeyman DjAl)
 14362 | Orc:2    | Identified the +1 great mace "Femif" {chaos, rF- Int+3
                  | Dex+6}
 14445 | Orc:2    | Found Imiruf's Distillery.
 14874 | Orc:2    | Found a staircase to the Elven Halls.
 15119 | Orc:2    | Found Zucuevva's General Store.
 15197 | Orc:2    | Noticed an orc warlord
 15218 | Orc:2    | Killed an orc warlord
 15219 | Orc:2    | Reached skill level 16 in Unarmed Combat
 15225 | Orc:2    | Found Huisug's Antique Weapon Boutique.
 15238 | Orc:2    | Reached XP level 14. HP: 114/127 MP: 14/14
 15423 | Orc:2    | Found Zidau's Antique Armour Shop.
 15697 | Orc:2    | Bought a +4 ring of slaying for 1326 gold pieces
 15986 | D:13     | Identified the +5 dagger "Erhoze Xifa" {freeze, rElec Int-4
                  | Dex+3}
 16018 | D:13     | HP: 3/127 [centaur warrior/arrow (12)]
 16123 | D:13     | Noticed Azrael
 16439 | D:12     | Killed Azrael
 17131 | D:13     | Found a gate to the Vaults.
 17372 | Snake:1  | Entered Level 1 of the Snake Pit
 17386 | Snake:1  | Reached skill level 10 in Dodging
 17393 | Snake:1  | Found Nystob's General Store.
 17537 | Snake:1  | Found Moebum's Armour Boutique.
 17539 | Snake:1  | Found Boxumemi's Antique Armour Shop.
 17571 | Snake:1  | Reached skill level 17 in Unarmed Combat
 18109 | Snake:1  | HP: 4/129 [poisoned by a naga mage (splash of poison)]
 18109 | Snake:1  | HP: 1/129 [salamander/+0 trident (2)]
 18109 | Snake:1  | Mangled by a salamander

Illustrated notes

Levels and vault maps discovered:
D:1:      mainiacjoe_arrival_reflecting_pool, layout_basic
D:2:      layout_loops_ring, shapermc_ecumenical_altar_ellora, minmay_unequal
D:3:      layout_rooms, elyvilon_altar_4, mainiacjoe_overflow_24_doors,
          uniq_grinder
D:4:      layout_loops_corners, gammafunk_temple_overflow_elements,
          grunt_temple_overflow_open, uniq_eustachio
D:5:      layout_loops_cross, grunt_temple_overflow_growth_and_decay,
          kennysheep_little_box, worldfamousw_hep_ancestral_shrine,
          minmay_temple_entry_grid, amcnicky_mini_corridor_feature,
          minmay_crossroads
D:6:      layout_loops_cross, vehumet_altar_wand_db, minivault_23,
          corexii_item_surrounded_by_moat, nicolae_shop_national_dungeon_mall
D:7:      layout_rooms, trog_book, old_standard_altar,
          mainiacjoe_overflow_brackets, nicolae_overflow_hidden_temple,
          evilmike_ruin_ashenzari, lemuel_crystal_altar,
          nicolae_tso_carved_into_rock, nicolae_dithmenos_the_darkroom
D:8:      layout_loops_ring, serial_shops, shop, serial_bayou,
          serial_bayou_pond_e, serial_bayou_pond_e, serial_bayou_pond_e,
          serial_bayou_pond_a, enter_bailey_3
D:9:      layout_basic, nicolae_gozag_seed_capital, lair_entry_dummy
D:10:     layout_layer_cave, uniq_maurice
D:11:     layout_loops_ring, uniq_lodul
D:12:     layout_roguey, david_orc_5, portal_ice_cave_demonic_guard,
          kennysheep_orc_sif_temple
D:13:     minmay_the_grid_octo_tiled_squarecenter [minmay_the_grid_octo_clover,
          minmay_the_grid_octo_empty, minmay_the_grid_octo_empty,
          minmay_the_grid_octo_tetromino_candy,
          minmay_the_grid_square_5x5_megaprize_crossed,
          minmay_the_grid_square_5x5_longway,
          minmay_the_grid_square_5x5_intrusive_squares,
          minmay_the_grid_square_5x5_forky,
          minmay_the_grid_square_5x5_pentomino_r], layout_cave_pools,
          gauntlet_entry_generic, uniq_azrael
Temple:   ebering_the_one_and_only
Lair:1:   layout_regular_city
Lair:2:   layout_regular_city, minmay_shoals_entry_beasts,
          minmay_snake_entry_six_corridors, serial_bayou_shore_b
Lair:3:   layout_loops_ring, chequers_serial_rivers_room_a, uniq_kirke,
          uniq_gastronok, uniq_amaemon
Lair:4:   minmay_lair_oklob_tunnel, layout_cave_pods, grunt_megastairs_1,
          infiniplex_staircase_pool_2
Snake:1:  layout_basic, minmay_shop_star
Orc:1:    hellmonk_paralyzer, layout_caves, serial_shops, shop
Orc:2:    grunt_orc_community_town_hall, layout_caves,
          grunt_orc_community_big_house_2, grunt_orc_community_big_house_1,
          grunt_orc_community_house_1, grunt_orc_community_house_1,
          grunt_orc_community_house_2, grunt_orc_community_house_2, basic_altar,
          ebering_ghost_xom, nicolae_orc_rockfall

Skill      XL: |  1  2  3  4  5  6  7  8  9 10 11 12 13 14 |
---------------+-------------------------------------------+-----
Fighting       | 2 3 4 5 6 7 8 10 11 12 13 | 13.4
Unarmed Combat | 4 5 6 7 8 10 11 13 14 16 17 | 17.3
Shapeshifting  | 4 5 6 7 8 9 10 11 | 11.7
Throwing       | 1 2 3 |  3.0
Dodging        | 3 5 6 8 9 10 | 10.4

Action                     |  1- 3 |  4- 6 |  7- 9 | 10-12 | 13-15 || total
---------------------------+-------+-------+-------+-------+-------++-------
  Melee: Unarmed           |    65 |    54 |   234 |   570 |   933 ||  1856
         Tailslap          |     5 |     8 |    34 |   106 |   183 ||   336
         Punch             |     1 |     1 |     9 |     4 |    20 ||    35
         Constrict         |       |       |       |       |     5 ||     5
  Throw: Javelin           |    19 |    28 |    76 |    15 |       ||   138
         Boomerang         |       |       |    47 |     7 |       ||    54
 Invoke: Potion Petition   |       |       |       |       |     2 ||     2
         Call Merchant     |       |       |       |       |     3 ||     3
Ability: Breathe Frost     |       |       |     3 |     4 |     2 ||     9
  Evoke: Wand              |       |       |       |     4 |       ||     4
    Use: Potion            |       |     1 |     3 |     5 |     5 ||    14
         Scroll            |       |       |     4 |    13 |     7 ||    24
   Stab: Distracted        |       |       |       |     2 |     5 ||     7
 Armour: Skin              |    36 |    26 |   171 |   375 |   495 ||  1103
  Dodge: Dodged            |    37 |    14 |   124 |   425 |   678 ||  1278
  Block: Other             |     6 |     7 |    13 |       |       ||    26
   Form: Flux              |       |       |       |     1 |       ||     1
         Blade             |       |       |       |       |     2 ||     2
         Serpent           |       |       |       |       |     1 ||     1
